[Event "Titled Tuesday Blitz February 14 Early 2023"]
[White "Panesar Vedant"]
[Black "Sowul, Bartosz"]
[WhiteFideId "35033018"]
[BlackFideId "1137590"]
[WhiteElo "2387"]
[BlackElo "2269"]
[Result "1/2-1/2"]
[Round "04"]
[TimeControl "180+2"]
[Date "2023.02.15"]
[WhiteClock "0:00:17"]
[BlackClock "0:00:19"]

1. Nf3 c5 2. e4 d6 3. d4 cxd4 4. Nxd4 Nf6 5. Nc3 Nc6 6. Bg5 g6 7. Bxf6 exf6 8. Bc4 Bg7 9. Nde2 O-O 10. Ng3 h5 11. O-O h4 12. Nge2 f5 13. Rb1 fxe4 14. Nxe4 d5 15. Bxd5 Nb4 16. Bb3 Bf5 17. Nd6 Bxc2 18. Bxc2 Nxc2 19. Nxb7 Qc7 20. Rc1 Bxb2 21. Qxc2 Qxb7 22. Rb1 Rab8 23. Nf4 Rfc8 24. Qe2 Re8 25. Qc2 Qe4 26. Qxe4 Rxe4 27. Nd3 Be5 28. Nxe5 Rxb1 29. Rxb1 Rxe5 30. Kf1 Kg7 31. g3 Ra5 32. Rb2 Ra4 33. Kg2 g5 34. h3 Kg6 35. Kf3 hxg3 36. fxg3 Ra3+ 37. Kg2 f5 38. Rc2 f4 39. gxf4 gxf4 40. Rb2 Kg5 41. Rc2 Kh4 42. Rf2 Rg3+ 43. Kf1 Kg5 44. Rh2 Kh4 45. Kf2 Rxh3 46. Rxh3+ Kxh3 47. Kf3 Kh4 48. Kxf4 a5 49. a4 Kh5 50. Kf5 Kh6 51. Kf6 Kh7 52. Kf7 Kh8 53. Ke6 Kg7 54. Kd6 Kf7 55. Kc5 Ke7 56. Kb5 Kd7 57. Kxa5 Kc7 58. Ka6 Kb8 59. Kb6 Ka8 60. a5 Kb8 61. a6 Ka8 62. a7 1/2-1/2


[Site "https://www.chess.com"]

[Event "Titled Tuesday Blitz February 14 Early 2023"]
[White "Janaszak, Dawid"]
[Black "Sanchez, Robert"]
[WhiteFideId "1119206"]
[BlackFideId "2034360"]
[WhiteElo "2316"]
[BlackElo "1966"]
[Result "0-1"]
[Round "04"]
[TimeControl "180+2"]
[Date "2023.02.15"]
[WhiteClock "0:01:37"]
[BlackClock "0:00:23"]

1. e4 e6 2. b3 d5 3. Bb2 dxe4 4. Nc3 Nf6 5. Qe2 Be7 6. g4 h6 7. Bg2 Nc6 8. O-O-O Nd4 9. Qe1 a5 10. a4 b5 11. Nxe4 Rb8 12. axb5 O-O 13. g5 hxg5 14. Nxg5 Rxb5 15. h4 a4 16. N1f3 Nxf3 17. Bxf3 axb3 18. Qe2 Ba6 19. c4 Ra5 20. Rdg1 Ra2 21. Ne4 Rxb2 22. Kxb2 Nxe4 23. Qxe4 Bf6+ 24. Kb1 Qxd2 25. Qe2 Qc3 0-1


[Site "https://www.chess.com"]

[Event "Titled Tuesday Blitz February 14 Early 2023"]
[White "Sadubayev, Airat"]
[Black "Rodriguez Fontecha, Marcos"]
[WhiteFideId "13713264"]
[BlackFideId "2256576"]
[WhiteElo "2320"]
[BlackElo "2309"]
[Result "1-0"]
[Round "04"]
[TimeControl "180+2"]
[Date "2023.02.15"]
[WhiteClock "0:02:06"]
[BlackClock "0:01:59"]

1. d4 d5 2. c4 Nc6 3. Nc3 Nf6 4. Nf3 dxc4 5. d5 Na5 6. e4 e6 7. Bxc4 Nxc4 8. Qa4+ Bd7 9. Qxc4 exd5 10. exd5 Bd6 11. O-O O-O 12. Bg5 h6 13. Bh4 Re8 14. Rfe1 g5 15. Bg3 Bf5 16. Rad1 a6 17. Qd4 Bxg3 18. hxg3 Qd6 19. Re5 Rxe5 20. Qxe5 Re8 21. Qxf5 1-0


[Site "https://www.chess.com"]

[Event "Titled Tuesday Blitz February 14 Early 2023"]
[White "Bon, Michael"]
[Black "Kvaloy, Aksel Bu"]
[WhiteFideId "620696"]
[BlackFideId "1528815"]
[WhiteElo "2394"]
[BlackElo "2321"]
[Result "1-0"]
[Round "04"]
[TimeControl "180+2"]
[Date "2023.02.15"]
[WhiteClock "0:01:16"]
[BlackClock "0:00:22"]

1. e4 e5 2. Nc3 Nf6 3. Bc4 Nxe4 4. Qh5 Nd6 5. Bb3 Be7 6. Nf3 Nc6 7. Nxe5 Nxe5 8. Qxe5 O-O 9. Nd5 Re8 10. O-O Bf8 11. Qf4 c6 12. Ne3 g6 13. d3 Re7 14. Qxd6 Rxe3 15. Bxf7+ Kxf7 16. fxe3+ Kg8 17. Qf4 Qe8 18. e4 d6 19. Bd2 Be6 20. Bc3 Qe7 21. Rf2 a5 22. a3 b5 23. Raf1 c5 24. Qg3 b4 25. axb4 axb4 26. Bf6 Qd7 27. h4 Bg4 28. c3 b3 29. d4 h5 30. Qf4 Kh7 31. Qg5 Bh6 32. Qd5 Rf8 33. Bg5 Rxf2 34. Rxf2 Bg7 35. Rf7 Qa4 36. Bf6 Qa1+ 37. Kh2 Qe1 38. Rxg7+ Kh6 39. Rh7+ Kxh7 40. Qf7+ Kh6 1-0


[Site "https://www.chess.com"]

[Event "Titled Tuesday Blitz February 14 Early 2023"]
[White "Enkhtuul, Altan-Ulzii"]
[Black "Sadykov, Ramil"]
[WhiteFideId "4901444"]
[BlackFideId "24113590"]
[WhiteElo "2254"]
[BlackElo "2345"]
[Result "0-1"]
[Round "04"]
[TimeControl "180+2"]
[Date "2023.02.15"]
[WhiteClock "0:00:02"]
[BlackClock "0:00:08"]

1. d4 d5 2. Nc3 Nf6 3. Bf4 e6 4. a3 a6 5. e3 c5 6. Qd2 Nc6 7. Nge2 b5 8. dxc5 Bxc5 9. Nd4 Bb7 10. Bg5 O-O 11. Nb3 Be7 12. Bd3 Ne5 13. O-O Rc8 14. Bf4 Nc4 15. Bxc4 Rxc4 16. Qe2 Nd7 17. Nd2 Rc8 18. Rfd1 Qb6 19. Nb3 Rfd8 20. a4 b4 21. a5 Qc6 22. Nd4 Qc4 23. Qg4 Nf6 24. Qf3 bxc3 25. b3 Qc5 26. h4 Ne4 27. h5 Bf6 28. Qg4 e5 29. Nf5 exf4 30. Nxg7 Bxg7 31. h6 Qf8 32. exf4 Rc6 33. hxg7 Qxg7 34. Qh4 Qf6 35. Qg4+ Qg6 36. Qh4 Rcd6 37. Ra4 d4 38. Rb4 Nc5 39. g3 Qxc2 40. Qg5+ Qg6 41. Qxc5 Qe4 42. Qg5+ Kh8 43. Qe5+ Qxe5 44. fxe5 R6d7 45. Rc4 Bf3 46. Rd3 Be2 47. Rdxd4 Rxd4 48. Rxc3 R4d5 49. Kg2 Bb5 50. f4 Kg7 51. Rc7 R8d7 52. Rc8 Rd3 53. f5 Rxb3 54. f6+ Kg6 55. Rg8+ Kf5 56. g4+ Kxe5 57. Re8+ Kf4 58. Re1 Rd2+ 59. Kg1 Kxg4 0-1


[Site "https://www.chess.com"]

[Event "Titled Tuesday Blitz February 14 Early 2023"]
[White "Dobrikov, Marco"]
[Black "Srebrnic, Marko"]
[WhiteFideId "12950378"]
[BlackFideId "14603616"]
[WhiteElo "2269"]
[BlackElo "2366"]
[Result "1-0"]
[Round "04"]
[TimeControl "180+2"]
[Date "2023.02.15"]
[WhiteClock "0:00:59"]
[BlackClock "0:00:14"]

1. d4 Nf6 2. Bg5 Ne4 3. Bf4 d5 4. f3 Nd6 5. Nc3 c6 6. e4 dxe4 7. fxe4 Qa5 8. Bd3 g6 9. Nf3 Bg7 10. O-O O-O 11. e5 Nf5 12. Ne4 c5 13. d5 b5 14. c4 a6 15. b3 Qb6 16. Kh1 Bb7 17. Qd2 Rd8 18. Rae1 Nd7 19. Neg5 Nd4 20. Nxd4 cxd4 21. e6 fxe6 22. Rxe6 Qc5 23. b4 Qc8 24. Rxe7 bxc4 25. Be4 Nf6 26. Rxg7+ Kxg7 27. Be5 Rf8 28. Qxd4 Qd7 29. Bxf6+ Kh6 30. Bf5 Rxf6 31. Qh4+ Kg7 32. Qxh7+ Kf8 33. Qxd7 Kg8 34. Be6+ Rxe6 35. Qxe6+ 1-0


[Site "https://www.chess.com"]

[Event "Titled Tuesday Blitz February 14 Early 2023"]
[White "Carrasco Miranda, Andres"]
[Black "Chylewski, Patryk"]
[WhiteFideId "3405990"]
[BlackFideId "1186191"]
[WhiteElo "2240"]
[BlackElo "2281"]
[Result "0-1"]
[Round "04"]
[TimeControl "180+2"]
[Date "2023.02.15"]
[WhiteClock "0:00:09"]
[BlackClock "0:01:11"]

1. d4 Nf6 2. c4 e6 3. g3 d5 4. Bg2 Bb4+ 5. Nd2 O-O 6. Nf3 dxc4 7. O-O b5 8. a4 c6 9. Ne1 Nd5 10. Nc2 Be7 11. e4 Nb6 12. axb5 cxb5 13. d5 Bb7 14. dxe6 fxe6 15. Qg4 Qc8 16. Nf3 Nc6 17. Bh6 Bf6 18. e5 Nxe5 19. Nxe5 Bxe5 20. Bxb7 Qxb7 21. Qxe6+ Qf7 22. Qxe5 gxh6 23. Qxb5 Rac8 24. Ne3 Rfd8 25. Rfd1 Rxd1+ 26. Rxd1 Rf8 27. Ng4 Kg7 28. Rd6 Qf5 29. Qxf5 Rxf5 30. Nxh6 Rb5 31. Rc6 Rxb2 32. Nf5+ Kf8 33. Ne3 Rb4 34. f4 a5 35. f5 a4 36. f6 a3 37. Nc2 a2 38. Rc7 Rb2 0-1


[Site "https://www.chess.com"]

[Event "Titled Tuesday Blitz February 14 Early 2023"]
[White "Zherebtsova, Alexandra"]
[Black "Ambartsumova, Karina"]
[WhiteFideId "24129518"]
[BlackFideId "4166299"]
[WhiteElo "2155"]
[BlackElo "2393"]
[Result "1-0"]
[Round "04"]
[TimeControl "180+2"]
[Date "2023.02.15"]
[WhiteClock "0:00:14"]
[BlackClock "0:00:06"]

1. d4 Nf6 2. Nf3 d5 3. c4 e6 4. e3 Be7 5. Nbd2 O-O 6. b3 c5 7. Bd3 cxd4 8. exd4 Nc6 9. Bb2 b6 10. O-O Bb7 11. Qe2 Rc8 12. Rac1 Nb4 13. Bb1 Ba6 14. Ne5 Nc6 15. Ndf3 g6 16. Rfd1 Nd7 17. Nxc6 Rxc6 18. Bd3 Nf6 19. Qe3 Rc8 20. Ne5 Bb7 21. c5 Rc7 22. b4 bxc5 23. dxc5 Re8 24. Qd4 a6 25. Ng4 e5 26. Qxe5 Rc6 27. Qd4 Bc8 28. Ne3 Be6 29. Bf1 Qd7 30. a4 Rcc8 31. b5 a5 32. c6 Qd6 33. Rd3 Red8 34. Ba3 Qc7 35. Bxe7 Qxe7 36. Qc5 Qxc5 37. Rxc5 Ne4 38. Rc1 d4 39. Nc2 Nc5 40. Rxd4 Nb3 41. Rxd8+ Rxd8 42. Rb1 Nc5 43. Ne3 Nxa4 44. c7 Rc8 45. b6 Nxb6 46. Rxb6 Rxc7 47. Ra6 Rc5 48. h3 h5 49. Be2 Kg7 50. Bf3 Kf6 51. Rc6 Rb5 52. Ra6 Rc5 53. Bd5 Ke5 54. Bxe6 fxe6 55. Rxa5 Rxa5 56. Nc4+ Kd4 57. Nxa5 Kc5 58. Nb3+ Kc4 59. Nd2+ Kd3 60. Nf3 Ke4 61. Kf1 Kf5 62. Ke2 g5 63. Ke3 g4 64. hxg4+ hxg4 65. Nd4+ Ke5 66. Ne2 Kf5 67. Ng3+ Ke5 68. Nf1 Kf5 69. g3 Ke5 70. Nd2 Kf5 71. Nb3 Ke5 72. Nc1 Kf5 73. Nd3 e5 74. Nc5 Kf6 75. Ke4 Kg5 76. Kxe5 1-0


[Site "https://www.chess.com"]

[Event "Titled Tuesday Blitz February 14 Early 2023"]
[White "Prado Lobo, Jonas"]
[Black "Begunov, Konstantin"]
[WhiteFideId "32050666"]
[BlackFideId "4118510"]
[WhiteElo "2313"]
[BlackElo "2325"]
[Result "0-1"]
[Round "04"]
[TimeControl "180+2"]
[Date "2023.02.15"]
[WhiteClock "0:00:09"]
[BlackClock "0:00:11"]

1. e4 c5 2. Nf3 d6 3. Bb5+ Bd7 4. Bxd7+ Qxd7 5. c4 Nf6 6. Nc3 Nc6 7. O-O Nd4 8. Re1 Nxf3+ 9. Qxf3 g6 10. b3 Bg7 11. Bb2 O-O 12. Nd5 Nxd5 13. Bxg7 Kxg7 14. exd5 e5 15. dxe6 fxe6 16. Qh3 Rf5 17. f4 Raf8 18. Qc3+ Kg8 19. g3 e5 20. fxe5 dxe5 21. Rxe5 Rf2 22. Qe3 Qxd2 23. Qxd2 Rxd2 24. Rf1 Rxf1+ 25. Kxf1 Rxa2 26. Rxc5 b6 27. Rc7 Rb2 28. Rxa7 Rxb3 29. Rc7 Rb2 30. h4 Rc2 31. Ke1 h5 32. Rc6 Kg7 33. Kd1 Rc3 34. Ke2 Rxg3 35. Rxb6 Rg4 36. c5 Rxh4 37. c6 Rc4 38. Kd3 Rc1 39. Kd4 h4 40. Kd5 h3 41. Rb3 h2 42. Rh3 h1=Q+ 43. Rxh1 Rxh1 44. c7 Rc1 45. Kd6 g5 46. Kd7 g4 47. c8=Q Rxc8 48. Kxc8 g3 0-1


[Site "https://www.chess.com"]

[Event "Titled Tuesday Blitz February 14 Early 2023"]
[White "Jarocka, Liwia"]
[Black "Belov, Alexei"]
[WhiteFideId "21807558"]
[BlackFideId "4128206"]
[WhiteElo "2225"]
[BlackElo "2421"]
[Result "1/2-1/2"]
[Round "04"]
[TimeControl "180+2"]
[Date "2023.02.15"]
[WhiteClock "0:00:18"]
[BlackClock "0:00:36"]

1. d4 e6 2. c4 d5 3. Nc3 Be7 4. Nf3 Nf6 5. Bg5 Nbd7 6. e3 O-O 7. Qc2 c5 8. cxd5 Nxd5 9. Bxe7 Qxe7 10. Nxd5 exd5 11. Bd3 g6 12. O-O c4 13. Be2 Nf6 14. b3 b5 15. a4 a6 16. axb5 Bf5 17. Qb2 axb5 18. Ne5 Qb4 19. Nc6 Qd6 20. Ne5 Rfc8 21. bxc4 bxc4 22. Bf3 c3 23. Qb7 Rxa1 24. Qxf7+ Kh8 25. Rxa1 c2 26. Rc1 Nd7 27. Nxd7 Qxd7 28. Qxd7 Bxd7 29. g4 h5 30. h3 Bb5 31. Bxd5 Bd3 32. Bb3 Rc3 33. Bxc2 Bxc2 34. gxh5 gxh5 35. Kh2 Rc8 36. d5 Kg7 37. d6 Bf5 38. Rxc8 Bxc8 39. e4 Kf6 40. Kg3 Ke5 41. Kh4 Kxe4 42. Kxh5 Bxh3 43. Kg5 Kf3 44. Kh4 Bc8 45. d7 Bxd7 46. Kg5 Kxf2 1/2-1/2


[Site "https://www.chess.com"]

[Event "Titled Tuesday Blitz February 14 Early 2023"]
[White "Martin, Lewis"]
[Black "Ilkhomi, Jaloliddin"]
[WhiteFideId "410551"]
[BlackFideId "14700948"]
[WhiteElo "2135"]
[BlackElo "1997"]
[Result "0-1"]
[Round "04"]
[TimeControl "180+2"]
[Date "2023.02.15"]
[WhiteClock "0:00:07"]
[BlackClock "0:00:09"]

1. e4 c5 2. Nf3 e6 3. d4 cxd4 4. Nxd4 a6 5. Nc3 b5 6. a3 Qb6 7. Be3 Qc7 8. g3 Nf6 9. Bg2 Bb7 10. O-O d6 11. h3 Nbd7 12. f4 Be7 13. Re1 O-O 14. g4 Nc5 15. Bf2 Rad8 16. g5 Ne8 17. Qg4 Kh8 18. f5 e5 19. Nde2 Na4 20. Nxa4 bxa4 21. Nc3 Bc6 22. Rad1 Qc8 23. h4 Nc7 24. Bh3 Nb5 25. Nxa4 Bd7 26. Nb6 Qc7 27. Nxd7 Qxd7 28. c4 Nd4 29. Bxd4 exd4 30. Rxd4 Qa7 31. Rd1 d5 32. exd5 Bc5 33. Kg2 Rfe8 34. R4d2 Re3 35. b4 Bd6 36. c5 Bb8 37. d6 a5 38. Qd4 Rxa3 39. b5 Rb3 40. b6 Qb7+ 41. Qd5 Qxd5+ 42. Rxd5 Rc3 43. Bg4 a4 44. Ra1 Rc4 45. Bf3 Kg8 46. Re5 Kf8 47. Bd5 Rxc5 48. Rae1 Bxd6 49. b7 Bxe5 50. Rxe5 Rb5 0-1


[Site "https://www.chess.com"]

[Event "Titled Tuesday Blitz February 14 Early 2023"]
[White "Ordekalog"]
[Black "Antonio, Jorge Carlos"]
[BlackFideId "113190"]
[WhiteElo "2544"]
[BlackElo "2277"]
[Result "1-0"]
[Round "04"]
[TimeControl "180+2"]
[Date "2023.02.15"]
[WhiteClock "0:00:38"]
[BlackClock "0:01:11"]

1. e4 c5 2. d3 e6 3. g3 d6 4. Bg2 g6 5. f4 Bg7 6. Nf3 Ne7 7. O-O O-O 8. c3 Nbc6 9. Be3 Rb8 10. Nbd2 b5 11. d4 cxd4 12. cxd4 d5 13. e5 Nf5 14. Bf2 h5 15. Nb3 a5 16. Rc1 a4 17. Rxc6 Bd7 18. Rc5 axb3 19. Qxb3 Rc8 20. Rfc1 Rxc5 21. dxc5 Bc6 22. Nd4 Nxd4 23. Bxd4 Qa5 24. a3 Rb8 25. Bc3 Qa7 26. Qb4 Bf8 27. Bd4 Qa4 28. Kf2 Qxb4 29. axb4 Ra8 30. Bf3 Ra4 31. Bc3 Be7 32. Bd1 Ra2 33. Bb3 Ra8 34. h3 Kf8 35. g4 hxg4 36. hxg4 Kg7 37. Kg3 Rh8 38. Bd4 Bh4+ 39. Kg2 g5 40. f5 Ra8 41. Kf3 Ra7 42. Rh1 Ra8 43. f6+ Kh6 44. Bc2 Ra2 45. Rxh4+ gxh4 46. Be3# 1-0


[Site "https://www.chess.com"]

[Event "Titled Tuesday Blitz February 14 Early 2023"]
[White "Badelka, Olga"]
[Black "Gonzalez, Francisco Silva"]
[WhiteFideId "13509926"]
[BlackFideId "1512285"]
[WhiteElo "2406"]
[BlackElo "2021"]
[Result "1-0"]
[Round "04"]
[TimeControl "180+2"]
[Date "2023.02.15"]
[WhiteClock "0:00:07"]
[BlackClock "0:00:18"]

1. d4 Nf6 2. c4 e6 3. Nc3 Bb4 4. e3 O-O 5. Ne2 d5 6. a3 Bd6 7. cxd5 exd5 8. g3 Re8 9. Bg2 Be6 10. O-O a6 11. Nf4 c6 12. Nxe6 Rxe6 13. f3 c5 14. Kh1 Nc6 15. Qd3 cxd4 16. exd4 Qb6 17. Bg5 Qxd4 18. Qxd4 Nxd4 19. Rad1 Nf5 20. Nxd5 Nxd5 21. Rxd5 g6 22. Bh3 Re5 23. Rfd1 Rae8 24. Rxe5 Bxe5 25. Re1 Nd6 26. b3 f6 27. Bd2 Bd4 28. Rxe8+ Nxe8 29. Be6+ Kf8 30. Bb4+ Kg7 31. Bc8 a5 32. Bxa5 b6 33. Bb4 Nc7 34. a4 Nd5 35. Bd6 Kf7 36. h4 h5 37. Kh2 Be5 38. Bxe5 fxe5 39. Ba6 Kf6 40. Bc4 Ne3 41. Kh3 Kf5 42. g4+ Kf6 43. Kg3 Nc2 44. g5+ Ke7 45. Bd3 Na1 46. Bxg6 Nxb3 47. Bxh5 Nc5 48. Bg6 Nxa4 49. h5 Nc5 50. h6 Kf8 51. Bc2 b5 52. g6 Ne6 53. Kg4 b4 54. g7+ Nxg7 55. hxg7+ Kxg7 56. Kf5 Kf7 57. Kxe5 Ke7 58. f4 Kf7 59. Bb3+ Kf8 60. f5 Kg7 61. Ke6 Kf8 62. Kf6 Ke8 63. Kg7 Kd7 64. f6 Kd6 65. f7 Ke5 66. f8=Q Kd4 67. Qxb4+ Ke5 68. Qc5+ Ke4 69. Bd5+ Ke5 70. Bg8+ Ke4 71. Kf6 Kf3 72. Qd4 Kg3 73. Qe4 Kh3 74. Kg5 Kg3 75. Qe3+ Kh2 76. Kg4 Kh1 77. Qd2 Kg1 78. Kg3 1-0


[Site "https://www.chess.com"]

[Event "Titled Tuesday Blitz February 14 Early 2023"]
[White "Chernov, Mikhail"]
[Black "Fiorito, Joaquin"]
[WhiteFideId "24143170"]
[BlackFideId "180173"]
[WhiteElo "2205"]
[BlackElo "2405"]
[Result "1-0"]
[Round "04"]
[TimeControl "180+2"]
[Date "2023.02.15"]
[WhiteClock "0:00:12"]
[BlackClock "0:00:14"]

1. e4 c6 2. d4 d5 3. e5 Bf5 4. h4 h5 5. c4 e6 6. Nc3 Ne7 7. Bg5 Nd7 8. cxd5 cxd5 9. Nb5 Qa5+ 10. Bd2 Qb6 11. Nd6+ Kd8 12. Nxf7+ Ke8 13. Nxh8 Qxd4 14. Bc3 Qe4+ 15. Qe2 Qa4 16. Qxh5+ g6 17. Qh7 d4 18. Bd2 Nxe5 19. Nf3 Nxf3+ 20. gxf3 Rc8 21. Qf7+ Kd7 22. Bh3 Qb5 23. Bxf5 gxf5 24. Ng6 Qxb2 25. O-O Qxd2 26. Nxf8+ Rxf8 27. Qxf8 Qf4 28. Qg7 Qxh4 29. Rad1 e5 30. Qxe5 Nc6 31. Qg3 Qh5 32. Rfe1 Qh6 33. Qg8 Kc7 34. Qe6 Qg5+ 35. Kf1 a6 36. Qf7+ Kb6 37. Rb1+ Kc5 38. Qxb7 Qh4 39. Rec1+ Kd6 40. Qxc6+ Ke5 41. Re1+ Kf4 42. Re4+ Kg5 43. Rxh4 d3 44. Rd4 d2 45. Rxd2 a5 46. Qa6 a4 47. Qxa4 f4 48. Rb5+ Kh4 49. Qxf4+ Kh3 50. Rh5# 1-0


[Site "https://www.chess.com"]

[Event "Titled Tuesday Blitz February 14 Early 2023"]
[White "Delorme, Axel"]
[Black "Hansen, Sune Berg"]
[WhiteFideId "632023"]
[BlackFideId "1400266"]
[WhiteElo "2483"]
[BlackElo "2517"]
[Result "0-1"]
[Round "04"]
[TimeControl "180+2"]
[Date "2023.02.15"]
[WhiteClock "0:00:02"]
[BlackClock "0:00:27"]

1. e4 e5 2. Nf3 Nc6 3. Bb5 a6 4. Ba4 Nf6 5. O-O Be7 6. Re1 b5 7. Bb3 O-O 8. a4 Bb7 9. d3 d6 10. Bd2 Nb8 11. Nc3 c6 12. axb5 axb5 13. Rxa8 Bxa8 14. d4 Nbd7 15. Be3 Qc7 16. d5 b4 17. dxc6 bxc3 18. cxd7 cxb2 19. Nd2 Rb8 20. Qb1 Qc3 21. f3 Nxd7 22. Nc4 Qb4 23. Bd2 Qc5+ 24. Be3 Qc7 25. Nxb2 Nc5 26. Nd3 Nxb3 27. cxb3 h5 28. Rc1 Qd7 29. b4 Qb5 30. Qc2 Bb7 31. Qc7 Ra8 32. Qxe7 Qxd3 33. Bf2 Qd2 34. Re1 Qxb4 35. h4 Bc6 36. Rc1 Be8 37. Be3 Qa3 38. Re1 Qc3 39. Bf2 Qc6 40. Rd1 Ra6 41. Kh2 Qd7 42. Qxd7 Bxd7 43. Bg3 Be6 44. f4 f6 45. f5 Bb3 46. Rd3 Bc2 47. Re3 Ra4 48. Be1 Bxe4 49. Re2 d5 50. Rd2 d4 51. Bf2 Bxf5 0-1


[Site "https://www.chess.com"]

[Event "Titled Tuesday Blitz February 14 Early 2023"]
[White "Klabis, Rokas"]
[Black "Wahedi, Ahmad Siar"]
[WhiteFideId "12805246"]
[BlackFideId "4651260"]
[WhiteElo "2415"]
[BlackElo "2274"]
[Result "1-0"]
[Round "04"]
[TimeControl "180+2"]
[Date "2023.02.15"]
[WhiteClock "0:00:18"]
[BlackClock "0:00:04"]

1. e4 e6 2. d3 d5 3. Nd2 Nf6 4. Ngf3 Nc6 5. g3 e5 6. Bg2 Bd6 7. O-O O-O 8. h3 a6 9. c3 Re8 10. Re1 dxe4 11. dxe4 Be6 12. Qe2 h6 13. Nc4 Qe7 14. Nxd6 Qxd6 15. Be3 Rad8 16. Rad1 Qe7 17. Nd2 Bxa2 18. b3 Rxd2 19. Qxd2 Bxb3 20. Rb1 Qa3 21. Qb2 Qxb2 22. Rxb2 Bc4 23. Rxb7 Rc8 24. h4 h5 25. Bh3 Be6 26. Bxe6 fxe6 27. Bg5 Kf7 28. Bxf6 gxf6 29. Rd1 Ke7 30. Ra1 a5 31. Kg2 f5 32. Kf3 Kd6 33. Rb5 Ra8 34. Rd1+ Ke7 35. Rc5 Ra6 36. Ra1 a4 37. Ra3 Kd6 38. Rc4 Rb6 39. Raxa4 Ne7 40. Ra8 Kd7 41. Ra7 Nc6 42. Ra8 Nd8 43. Rb4 Rc6 44. c4 Nf7 45. Rf8 Ke7 46. Rg8 Nd6 47. Rg7+ Kf6 48. Rh7 Kg6 49. Rh8 Nxe4 50. Ke3 Nf6 51. Kd3 Rd6+ 52. Ke2 Rc6 53. Ra4 Kg7 54. Rha8 Ne4 55. R8a6 Rc5 56. R4a5 Rxc4 57. Rxe5 Kf6 58. Rexe6+ Kf7 59. Rh6 Rc2+ 60. Ke3 Nxf2 61. Rh7+ Kg8 62. Rd7 Ng4+ 63. Kf4 Rf2+ 64. Kg5 Ra2 65. Rxa2 1-0


[Site "https://www.chess.com"]

[Event "Titled Tuesday Blitz February 14 Early 2023"]
[White "Gurevich, Dmitry"]
[Black "Belozerov, Andrei"]
[WhiteFideId "2000407"]
[BlackFideId "4120213"]
[WhiteElo "2393"]
[BlackElo "2461"]
[Result "1-0"]
[Round "04"]
[TimeControl "180+2"]
[Date "2023.02.15"]
[WhiteClock "0:02:12"]
[BlackClock "0:00:27"]

1. d4 d5 2. c4 e6 3. Nc3 c6 4. e4 dxe4 5. Nxe4 Bb4+ 6. Nc3 c5 7. Nf3 Nf6 8. a3 Ba5 9. Be2 Nc6 10. Be3 Ng4 11. O-O Nxe3 12. fxe3 O-O 13. dxc5 Bxc3 14. Qxd8 Rxd8 15. bxc3 e5 16. Ng5 Rd2 17. Bf3 f6 18. Bd5+ Kf8 19. Ne4 Re2 20. Nxf6 gxf6 21. Rxf6+ Kg7 22. Rf7+ Kg6 23. Raf1 Rxe3 24. h4 Bg4 25. R1f6+ Kh5 26. Rxh7# 1-0


[Site "https://www.chess.com"]

[Event "Titled Tuesday Blitz February 14 Early 2023"]
[White "Skvortsov, Andrei"]
[Black "Jovic, Stanoje"]
[WhiteFideId "24108600"]
[BlackFideId "905020"]
[WhiteElo "2313"]
[BlackElo "2075"]
[Result "1/2-1/2"]
[Round "04"]
[TimeControl "180+2"]
[Date "2023.02.15"]
[WhiteClock "0:00:44"]
[BlackClock "0:00:08"]

1. e3 c5 2. d4 d5 3. Nf3 Nc6 4. Bb5 Qa5+ 5. Nc3 Bg4 6. O-O e6 7. Bd2 Qc7 8. h3 Bh5 9. Re1 Nf6 10. g4 Bg6 11. Ne5 Bd6 12. f4 a6 13. Bxc6+ bxc6 14. Ne2 Ne4 15. c3 f6 16. Nf3 O-O 17. Kg2 e5 18. f5 Bf7 19. Qc2 Rfe8 20. Rad1 a5 21. Bc1 a4 22. a3 c4 23. dxe5 fxe5 24. Neg1 Bc5 25. Nd2 Nd6 26. Ngf3 h6 27. Nf1 Ne4 28. N1d2 Nf6 29. e4 d4 30. cxd4 exd4 31. Nxc4 Nxe4 32. Rxe4 Rxe4 33. Qxe4 Bxc4 34. Qf4 Qxf4 35. Bxf4 Bd5 36. Rd2 Ra7 37. Kg3 Rb7 38. f6 Rb3 39. Rf2 g5 40. Be5 Kf7 41. h4 Re3 42. hxg5 hxg5 43. Bc7 d3 44. Ba5 Kxf6 45. Bd2 Bd6+ 46. Kg2 Rxf3 47. Rxf3+ Bxf3+ 48. Kxf3 Be5 49. Ke3 Bxb2 50. Bb4 Ke5 51. Be7 Kd5 52. Kxd3 Bc1 53. Bf6 c5 54. Kc2 Bf4 55. Kd3 c4+ 56. Kc2 Ke4 57. Bd8 Kf3 58. Kc3 Kxg4 59. Kxc4 Bd6 60. Bxg5 Kxg5 61. Kb5 Bxa3 62. Kxa4 1/2-1/2


[Site "https://www.chess.com"]

[Event "Titled Tuesday Blitz February 14 Early 2023"]
[White "Aggelis, Nikolaos"]
[Black "Grunberg, Mihai-Lucian"]
[WhiteFideId "4213220"]
[BlackFideId "1204149"]
[WhiteElo "2270"]
[BlackElo "2401"]
[Result "1-0"]
[Round "04"]
[TimeControl "180+2"]
[Date "2023.02.15"]
[WhiteClock "0:01:54"]
[BlackClock "0:00:46"]

1. d4 f5 2. Nf3 Nf6 3. c3 d5 4. Nbd2 e6 5. Ne5 Nbd7 6. Ndf3 Be7 7. Bf4 O-O 8. e3 Ne4 9. h4 Nxe5 10. Bxe5 c5 11. Bd3 cxd4 12. exd4 Bd7 13. Bg3 f4 14. Bh2 Bxh4 15. Nxh4 Qxh4 16. Qf3 Ng5 17. Qe2 f3 18. g3 Qh6 19. Qe3 Rae8 20. g4 e5 21. dxe5 Bxg4 22. O-O-O Ne4 23. Qxh6 gxh6 24. Bxe4 dxe4 25. Kd2 Rf7 26. Ke3 Bf5 27. Bf4 Bg6 28. Rxh6 Kg7 29. Rhh1 Re6 30. Rd8 Rb6 31. Bh6# 1-0


[Site "https://www.chess.com"]

[Event "Titled Tuesday Blitz February 14 Early 2023"]
[White "Shubenkova, Veronika"]
[Black "Cunha, Lucas Aguiar"]
[WhiteFideId "44124040"]
[BlackFideId "2125404"]
[WhiteElo "1960"]
[BlackElo "2309"]
[Result "1/2-1/2"]
[Round "04"]
[TimeControl "180+2"]
[Date "2023.02.15"]
[WhiteClock "0:00:11"]
[BlackClock "0:00:05"]

1. e4 c5 2. Nc3 Nc6 3. g3 g6 4. Bg2 Bg7 5. d3 d6 6. f4 Rb8 7. Nf3 b5 8. Rb1 b4 9. Ne2 Nf6 10. Be3 O-O 11. h3 a5 12. O-O a4 13. g4 b3 14. axb3 axb3 15. c3 Nd7 16. Ng3 e6 17. f5 Nde5 18. Nxe5 Nxe5 19. Rf2 Ba6 20. c4 Qh4 21. Nf1 Bh6 22. Qd2 Bxe3 23. Qxe3 Rb4 24. Nd2 Rfb8 25. Ra1 Bb7 26. fxe6 fxe6 27. Raf1 Ra4 28. Nxb3 Bc6 29. Nc1 Ra1 30. d4 cxd4 31. Qxd4 Qe7 32. c5 Ra4 33. cxd6 Qg5 34. Qd1 Rxe4 35. d7 Reb4 36. Bxc6 Nxc6 37. Qd6 Qd5 38. Rf8+ Kg7 39. R1f7+ Kh6 40. Qxd5 exd5 41. Rxb8 Rxb8 42. Rf6 Ne5 43. Rd6 Rd8 44. Rxd5 Nxd7 45. Nd3 Kg7 46. Nf4 Kf6 47. g5+ Ke7 48. Kf2 Rb8 49. Rd2 Ne5 50. Nd5+ Ke6 51. Ne3 Rxb2 52. Rxb2 Nd3+ 53. Kf3 Nxb2 54. Kg4 Ke5 55. h4 Ke4 56. Ng2 Nd3 57. Kg3 Ne5 58. Nf4 Nd7 59. Ne6 Ke5 60. Nf4 Kf5 61. Ng2 Ne5 62. Ne3+ Ke4 63. Nc2 Nc4 64. Nb4 Nd6 65. Nc6 Nf5+ 66. Kg4 Kd5 67. Nd8 Kd6 68. Nf7+ Ke7 69. Ne5 Ke6 70. Nf3 Kd5 71. Ng1 Ke4 72. Nh3 Ne3+ 73. Kg3 Nd1 74. Nf4 Nc3 75. Ne6 Kf5 76. Nf8 Ne4+ 77. Kh3 Nxg5+ 78. hxg5 Kxg5 79. Nxh7+ Kf4 80. Kh4 g5+ 81. Nxg5 1/2-1/2


[Site "https://www.chess.com"]

[Event "Titled Tuesday Blitz February 14 Early 2023"]
[White "Sarkar, Justin"]
[Black "Mohamed Anees M"]
[WhiteFideId "2010011"]
[BlackFideId "35065815"]
[WhiteElo "2309"]
[BlackElo "2315"]
[Result "0-1"]
[Round "04"]
[TimeControl "180+2"]
[Date "2023.02.15"]
[WhiteClock "0:00:01"]
[BlackClock "0:00:41"]

1. d4 Nf6 2. c4 e6 3. Nc3 Bb4 4. Bd2 O-O 5. Nf3 d5 6. e3 b6 7. cxd5 exd5 8. Bd3 Bb7 9. O-O Nbd7 10. Rc1 a6 11. Ne5 Bd6 12. f4 Ne4 13. Nxe4 dxe4 14. Bc4 Nf6 15. b4 Nd5 16. Qb3 Be7 17. a4 f6 18. Ng4 Kh8 19. b5 axb5 20. Bxb5 Bd6 21. Bc6 Bxc6 22. Rxc6 Ne7 23. Rc2 Qd7 24. Nf2 f5 25. Ra1 Ra7 26. a5 bxa5 27. Rxa5 Rxa5 28. Bxa5 Ra8 29. Bc3 h6 30. Qf7 Qe8 31. Qe6 Qg8 32. d5 Kh7 33. Qd7 Qxd5 34. Bd4 Qb3 35. Rc1 Qa4 36. g4 Qxd7 0-1


[Site "https://www.chess.com"]